 Seeded DCSS version 0.30-a0-371-gad7725a93e (webtiles) character file.

Game seed: 11984096714474768227 (custom seed)

279 purpskrrrp the Covert (level 6, -1/35 HPs)
             Began as a Vampire Brigand on Nov 23, 2022.
             Slain by an adder (2 damage)
             ... on level 4 of the Dungeon.
             The game lasted 00:06:27 (3067 turns).

purpskrrrp the Covert (Vampire Brigand)             Turns: 3067, Time: 00:06:27

Health: -1/35      AC:  5    Str: 10    XL:     6   Next: 5%
Magic:  6/6        EV: 12    Int: 13    God:
Gold:   233        SH:  0    Dex: 18    Spells: 5/5 levels left

rFire   . . .      SeeInvis +    a - +5 dagger (vorpal)
rCold   + + .      Faith    .    (no shield)
rNeg    + + +      Spirit   .    b - +1 robe
rPois   ∞          Reflect  .    n - +0 helmet {SInv}
rElec   .          Harm     .    c - +0 cloak
rCorr   .          Rampage  .    (no gloves)
Will    +....                    (no boots)
Stlth   +++++++...               (no amulet)
HPRegen 0.00/turn                (no ring)
MPRegen 0.10/turn                (no ring)

@: mighty, bloodless, inhibited regen
A: bloodless, fangs 3, see invisible, vampiric 2, strong-willed 1
a: Bat Form, Revivify


You were on level 4 of the Dungeon.
You visited 1 branch of the dungeon, and saw 4 of its levels.

You collected 233 gold pieces.

Inventory:

Hand Weapons
 a - a +5 vorpal dagger (weapon)
Missiles
 d - 11 poisoned darts
 e - 3 curare-tipped darts
Armour
 b - a +1 robe (worn)
 c - a +0 cloak (worn)
 n - a +0 helmet of see invisible (worn)
Jewellery
 m - an amulet of regeneration
Wands
 k - a wand of digging (3)
Scrolls
 f - a scroll of noise
 j - a scroll of amnesia
Potions
 g - a potion of invisibility {unknown}
 h - 2 potions of berserk rage
 l - a potion of cancellation


   Skills:
 - Level 1.7 Fighting
 + Level 4.3 Short Blades
 - Level 1.5 Throwing
 - Level 1.1 Dodging
 * Level 9.8 Stealth


You had 5 spell levels left.
You didn't know any spells.
Your spell library contained the following spells:

 Spells                   Type           Power      Damage    Failure   Level
 Passage of Golubria      Tloc           0%         N/A       97%         4
 Silence                  Hex/Air        0%         N/A       100%        5
 Lehudib's Crystal Spear  Conj/Erth      0%         10d2      100%        8


Dungeon Overview and Level Annotations

Branches:
Dungeon (4/15)
 Temple: D:4-7

Altars:


Innate Abilities, Weirdness & Mutations

You do not regenerate when monsters are visible.
You are frail without blood (-20% HP).
You can heal yourself when you bite living creatures.
You are immune to poison.
You have razor-sharp teeth.
You have supernaturally acute eyesight. (SInv)
You are afflicted with vampirism and can become a bat while bloodless.
You are strong-willed. (Will+)


Message History

The steam dragon closely misses you.
You are too injured to fight recklessly!
You are too injured to fight recklessly!
You are too injured to fight recklessly!
You are too injured to fight recklessly!
You are too injured to fight recklessly!
You are too injured to fight recklessly!
You are too injured to fight recklessly!
You are too injured to fight recklessly!
You are too injured to fight recklessly!
You are too injured to fight recklessly!
You are too injured to fight recklessly!
You are too injured to fight recklessly!
You are too injured to fight recklessly!
You are too injured to fight recklessly!
You are too injured to fight recklessly!
You are too injured to fight recklessly!
You are too injured to fight recklessly!
You are too injured to fight recklessly!
Okay, then.
Okay, then.
The steam dragon attacks as you move away!
The steam dragon misses you. The steam dragon claws you.
* * * LOW HITPOINT WARNING * * *
It was a potion of might.
You feel very mighty all of a sudden.
The steam dragon bites you but does no damage.
The steam dragon barely misses you.
You puncture the steam dragon!
The steam dragon is heavily wounded.
The steam dragon bites you.
* * * LOW HITPOINT WARNING * * *
The steam dragon claws you.
* * * LOW HITPOINT WARNING * * *
You hit the steam dragon. Your bite misses the steam dragon.
The steam dragon is severely wounded.
You closely miss the steam dragon.
The steam dragon is severely wounded.
The adder bites you.
You die...

....#.......<............
...+...............P...P
. ##....§.............P
#....§.........PPPP.
#.....§...>.........
###.§...............
..######§................
........####.....#######.
....J..D@# #..........##.
.......S.# ######.....##.
###.(....###....#........
###....................
......................
#..>...................
#..............###.....
#..............#.....#.
########.#.....#.


You could see a steam dragon, an adder and an endoplasm.

Vanquished Creatures
  A scorpion (D:3)
  Jessica (D:2)
  Ijyb (D:3)
  7 adders
  An ufetubus (D:4)
  2 worms (D:2)
  4 dart slugs
  5 orcs (D:3)
  7 endoplasms
  3 giant cockroaches (D:2)
  7 goblins
  8 hobgoblins
  A jackal (D:1)
  8 quokkas
  8 ball pythons
  5 bats
  4 frilled lizards
  6 kobolds
  7 rats
86 creatures vanquished.

Vanquished Creatures (others)
  A fungus (D:4)
  5 toadstools (D:4)
6 creatures vanquished.

Grand Total: 92 creatures vanquished

Notes
Turn   | Place    | Note
-------+----------+-------------------------------------------
     0 | D:1      | purpskrrrp the Vampire Brigand began the quest for the Orb.
     0 | D:1      | Reached XP level 1. HP: 16/16 MP: 1/1
    58 | D:1      | Reached skill level 6 in Stealth
   151 | D:1      | Found a faded altar of an unknown god.
   267 | D:1      | Reached XP level 2. HP: 17/17 MP: 2/2
   858 | D:2      | Reached skill level 7 in Stealth
   858 | D:2      | Gained mutation: You are afflicted with vampirism and can
                  | become a bat while bloodless. [Vampire growth]
   858 | D:2      | Reached XP level 3. HP: 11/21 MP: 3/3
   937 | D:2      | Noticed Jessica
   947 | D:2      | Killed Jessica
   975 | D:2      | Reached XP level 4. HP: 3/26 MP: 4/4
  1165 | D:2      | Reached skill level 8 in Stealth
  1886 | D:3      | Reached XP level 5. HP: 28/30 MP: 5/5
  1893 | D:3      | Gained mutation: You are strong-willed. (Will+) [potion of
                  | mutation]
  2255 | D:3      | Reached skill level 9 in Stealth
  2261 | D:3      | Noticed Ijyb
  2268 | D:3      | Killed Ijyb
  2845 | D:4      | Reached XP level 6. HP: 35/35 MP: 6/6
  3058 | D:4      | Noticed a steam dragon
  3065 | D:4      | HP: 1/35 [steam dragon (2)]
  3067 | D:4      | Slain by an adder

Illustrated notes

Levels and vault maps discovered:
D:1:      dpeg_arrival_brainrot, layout_basic, shapermc_ecumenical_altar_ellora,
          chequers_serial_rivers_large_a
D:2:      layout_loops_cross, minmay_misc_feat_room, st_stairs_11,
          minmay_heptomino_l4, uniq_jessica
D:3:      layout_basic, minmay_quadrilaterals, uniq_ijyb
D:4:      layout_basic, minitemple, minivault_25, minmay_misc_feat_plants,
          minmay_gold_behind_fungi

Skill      XL: |  1  2  3  4  5 |
---------------+----------------+-----
Stealth        | 6 7 8 9 |  9.8
Short Blades   | 3 4 |  4.3
Fighting       | |  1.7
Throwing       | |  1.5
Dodging        | |  1.1

Action                   |  1- 3 |  4- 6 || total
-------------------------+-------+-------++-------
Melee: Dagger            |    74 |   116 ||   190
       Bite              |     5 |     8 ||    13
       Punch             |       |     1 ||     1
 Abil: Exsanguinate      |     1 |       ||     1
  Use: Scroll            |     7 |     5 ||    12
       Potion            |       |     2 ||     2
 Stab: Sleeping          |     8 |    24 ||    32
Armor: Robe              |     9 |    10 ||    19
Dodge: Dodged            |    29 |    47 ||    76

Table legend: (Time is in decaauts)
 A = Elapsed time spent in this place.
 B = Non-inter-level travel time spent in this place.
 C = Inter-level travel time spent in this place.
 D = Time resting spent in this place.
 E = Time spent auto-exploring this place.
 F = Levels seen in this place.
 G = Mean time per level.
                   A        B        C        D        E       F      G
               +--------+--------+--------+--------+--------+-----+--------+
         Total |   3046 |   2865 |    181 |     88 |   2183 |   4 |  761.5 |
       Dungeon |   3046 |   2865 |    181 |     88 |   2183 |   4 |  761.5 |
               +--------+--------+--------+--------+--------+-----+--------+

Top non-repeatable levels by time:
     D:3: 997 daAuts
     D:2: 838 daAuts
     D:1: 837 daAuts
     D:4: 371 daAuts
